Map: Winter's Gate LE

Players

BlyOnFire (Bly)

  • Race: Zerg Zerg
  • League: Grandmaster
  • Spawn Location: 5:00

Future - Winner!

  • Race: Terran Terran
  • Spawn Location: 11:00

Event: NationWars 2019

VOD

Have the link to the VOD?

Description

Time

  • Played on: Nov. 12, 2019, 1:03 p.m.
  • Length: 12:59
Show
View Real Time Build Order
Export as new Build Order

BlyOnFire Zerg 

Build Orders: Pool First 

Get SALT Encoding   

  12  0:01  Drone  
  13  0:12  Overlord  
  13  0:18  Drone  
  14  0:30  Drone x2  
  16  0:40  Spawning Pool  
  15  0:44  Drone  
  15  0:48  Drone  
  17  0:57  Extractor  
  17  0:58  Drone  
  17  1:13  Hatchery  
  16  1:21  Drone  
  17  1:27  Zergling x2  
  17  1:28  Zergling x2  
  19  1:35  Queen  
  21  1:41  Overlord  
  21  1:49  Drone  
  22  1:56  Roach Warren  
  22  2:00  Drone  
  22  2:16  Drone, Queen  
  25  2:35  Spore Crawler  
  24  2:42  Roach x2  
  24  2:43  Roach x2  
  31  2:53  Overlord  
  31  2:55  Drone x3  
  34  3:07  Overlord  
  34  3:12  Drone x3  
  37  3:18  Drone  
  38  3:26  Drone x4  
  42  3:33  Ravager x3  
  45  3:35  Overlord  
  45  3:37  Drone x2  
  47  3:44  Overlord  
  47  3:49  Queen  
  49  3:58  Drone  
  49  3:59  Drone x4  
  52  4:06  Drone x4  
  52  4:08  Metabolic Boost  
  53  4:27  Drone x3  
  53  4:28  Drone  
  53  4:30  Hatchery  
  56  4:37  Drone x4  
  60  4:40  Overlord  
  60  4:41  Extractor  
  60  4:43  Extractor  
  58  4:48  Queen  
  58  4:50  Lair  
  58  4:51  Overlord  
  60  5:03  Drone x4  
  60  5:04  Evolution Chamber  
  60  5:05  Spore Crawler, Extractor  
  60  5:06  Spore Crawler  
  60  5:12  Spore Crawler  
  60  5:13  Drone x2  
  61  5:15  Drone  
  62  5:30  Zerg Ground Armor Level 1  
  62  5:31  Drone x7  
  69  5:48  Overseer  
  68  5:53  Glial Reconstitution  
  68  5:58  Overlord  
  68  6:02  Overlord  
  68  6:03  Overlord  
  68  6:10  Roach x3  
  74  6:11  Overlord x9  
  74  6:17  Overseer  
  74  6:26  Roach x3  
  74  6:31  Extractor  
  74  6:32  Roach x4  
  87  6:37  Roach x5  
  98  6:40  Ravager x3  
  98  6:44  Roach x3  
  106  6:54  Roach x4  
  114  7:00  Roach x4  
  122  7:07  Overlord  
  122  7:11  Baneling Nest  
  122  7:12  Evolution Chamber  
  121  7:15  Drone x5  
  121  7:16  Overlord  
  125  7:24  Overlord  
  125  7:25  Overlord  
  125  7:29  Zerg Ground Armor Level 2  
  125  7:34  Overlord  
  125  7:36  Drone x5  
  130  7:38  Extractor  
  103  7:52  Roach x7  
  100  8:01  Drone x4  
  94  8:10  Centrifical Hooks  
  94  8:11  Zerg Melee Weapons Level 1  
  90  8:15  Hatchery  
  87  8:26  Hatchery  
  86  8:27  Zergling x16  
  94  8:45  Burrow  
  92  9:03  Ravager  
  93  9:12  Zergling x34  
  93  9:15  Baneling x13  
  110  9:43  Spire  
  110  9:44  Zergling x22  
  120  9:46  Spore Crawler  
  120  9:49  Baneling x11  
  120  9:50  Extractor  
  120  9:52  Ravager x6  
  122  10:00  Overlord  
  118  10:09  Zerg Melee Weapons Level 2, Hatchery  
  109  10:25  Zergling x4  
  110  10:40  Hatchery  
  107  10:48  Hatchery  
  106  10:50  Baneling x2  
  105  11:00  Mutalisk x12  
  126  11:09  Baneling x7  
  126  11:13  Zergling x20  
  132  11:30  Drone x7  
  137  11:40  Mutalisk x4  
  137  11:41  Mutalisk  
  137  11:42  Hatchery, Overlord  
  141  11:56  Zergling x2  
  141  11:57  Zergling x16  
  143  12:01  Zergling x2  
  143  12:03  Hatchery  
  143  12:04  Zergling x2  
  143  12:05  Zergling x2  
  138  12:09  Zergling x10  
  131  12:19  Baneling x7  
  131  12:22  Baneling x6  
  130  12:23  Zergling x12  
  130  12:25  Baneling x4  
  134  12:31  Baneling x4  
Show
View Real Time Build Order
Export as new Build Order

Future Terran - Winner!

Build Orders: Reaper Expand 

Get SALT Encoding   

  12  0:01  SCV  
  13  0:13  SCV  
  14  0:17  Supply Depot  
  14  0:25  SCV  
  15  0:39  Barracks, SCV  
  16  0:43  Refinery  
  16  0:51  SCV  
  17  1:03  SCV  
  18  1:15  SCV  
  19  1:26  Reaper  
  19  1:27  Orbital Command  
  20  1:39  Command Center  
  20  1:48  Supply Depot  
  20  1:52  SCV  
  21  1:58  Marine  
  22  2:04  SCV  
  22  2:08  Factory  
  23  2:15  Refinery  
  23  2:16  SCV  
  23  2:17  Marine  
  25  2:32  SCV  
  26  2:40  Barracks Reactor  
  24  2:53  Factory Tech Lab, Bunker  
  24  2:55  SCV  
  25  3:07  SCV  
  25  3:12  Siege Tank  
  29  3:15  Marine  
  29  3:16  Marine  
  31  3:20  Orbital Command, SCV  
  31  3:25  Starport  
  32  3:32  SCV  
  32  3:33  Marine  
  32  3:34  Marine  
  35  3:44  SCV  
  35  3:46  SCV  
  37  3:56  SCV  
  37  3:58  SCV  
  38  4:07  Supply Depot  
  38  4:08  SCV  
  38  4:09  Marine x2  
  40  4:10  Factory Tech Lab, SCV  
  41  4:17  Banshee, Cloaking Field  
  41  4:20  SCV  
  43  4:27  Marine  
  43  4:30  SCV  
  44  4:32  SCV, Marine  
  44  4:33  Siege Tank  
  44  4:35  Supply Depot  
  48  4:42  SCV  
  48  4:45  SCV, Marine  
  51  4:50  Marine  
  52  4:54  SCV  
  52  4:55  Command Center  
  52  4:57  SCV  
  52  4:59  Supply Depot  
  54  5:06  Banshee  
  57  5:11  SCV x2  
  59  5:18  Stimpack, Marine  
  59  5:19  Supply Depot  
  60  5:23  SCV x2  
  60  5:26  Barracks  
  60  5:28  Factory Reactor  
  62  5:30  Barracks  
  62  5:35  SCV x2  
  64  5:36  Marine  
  65  5:43  Engineering Bay  
  65  5:44  Supply Depot  
  65  5:45  Engineering Bay  
  65  5:47  SCV  
  65  5:48  SCV  
  67  5:57  Refinery  
  67  5:58  Refinery  
  67  5:59  SCV  
  67  6:00  SCV  
  67  6:02  Starport Reactor, Marine  
  70  6:08  Orbital Command  
  70  6:09  Supply Depot  
  70  6:11  SCV  
  70  6:16  Terran Infantry Weapons Level 1, Terran Infantry Armor Level 1  
  71  6:23  SCV x2  
  73  6:28  Siege Tank  
  73  6:29  Orbital Command  
  76  6:34  Marine x3  
  76  6:35  SCV x2, Marine  
  76  6:36  Marine  
  83  6:42  Supply Depot  
  83  6:43  Supply Depot  
  83  6:47  SCV  
  83  6:48  SCV  
  83  6:51  Barracks  
  85  6:54  SCV  
  85  6:55  Barracks  
  85  6:58  Combat Shield  
  85  6:59  SCV  
  85  7:00  SCV, Siege Tank  
  91  7:03  Supply Depot  
  91  7:04  Supply Depot  
  91  7:06  Missile Turret, SCV  
  92  7:08  Missile Turret  
  92  7:09  Missile Turret  
  92  7:10  Supply Depot  
  92  7:11  SCV  
  92  7:12  SCV  
  92  7:14  Medivac  
  96  7:19  SCV  
  96  7:21  Marine  
  98  7:23  SCV  
  98  7:24  Medivac, Marine  
  98  7:25  Marine x3  
  98  7:29  Refinery  
  105  7:30  SCV  
  105  7:31  SCV, Refinery  
  105  7:36  Siege Tank  
  110  7:40  SCV  
  105  7:49  Medivac  
  105  7:51  Marine x2  
  93  7:54  Medivac, Marine  
  93  7:57  Marine  
  80  8:02  Barracks Tech Lab x2  
  80  8:05  SCV x2  
  72  8:06  Armory  
  72  8:08  SCV, Siege Tank, Supply Depot  
  74  8:13  Marine  
  74  8:17  SCV  
  74  8:18  SCV  
  77  8:20  SCV  
  77  8:21  Marauder  
  77  8:22  Marauder  
  77  8:24  Marine  
  77  8:25  Marauder  
  77  8:26  Marine  
  86  8:29  SCV  
  86  8:30  SCV  
  86  8:33  SCV, Concussive Shells  
  89  8:40  Siege Tank  
  92  8:43  Medivac x2  
  92  8:47  Marauder  
  98  8:49  Marauder  
  98  8:51  Marauder  
  98  8:52  Marine  
  98  8:53  Marine x2  
  98  8:54  Marine  
  106  8:55  SCV  
  106  8:56  SCV  
  106  8:58  SCV  
  109  9:07  Marine  
  109  9:08  SCV x2  
  112  9:10  SCV  
  112  9:11  Marauder, Marine x2  
  112  9:12  Marauder, Marine  
  120  9:17  Terran Infantry Weapons Level 2  
  120  9:25  Terran Infantry Armor Level 2  
  120  9:26  SCV x2, Marauder  
  120  9:27  SCV  
  120  9:29  Siege Tank  
  128  9:36  Marauder x2  
  132  9:40  Marine x2  
  132  9:41  Marine x2  
  132  9:42  Medivac  
  138  9:47  Supply Depot  
  138  9:48  Medivac  
  138  9:49  Supply Depot  
  138  9:51  Marauder  
  142  9:57  Marine  
  142  9:58  Marauder  
  145  10:01  Siege Tank, Marine  
  145  10:06  Marine x2  
  145  10:07  Marine  
  147  10:12  Medivac, Marine  
  151  10:14  Marine  
  151  10:18  Medivac  
  151  10:19  Marine x2  
  155  10:24  Marine x3  
  158  10:30  Marine  
  158  10:32  Marine  
  158  10:33  Siege Tank  
  161  10:37  Marine  
  161  10:42  Medivac  
  162  10:43  Marine  
  162  10:45  Marine  
  162  10:47  Supply Depot  
  162  10:49  Supply Depot  
  164  10:50  Medivac, Marine, Marauder  
  164  10:51  Marauder, Marine  
  172  11:01  Marine  
  168  11:05  Siege Tank, Marine x2  
  168  11:09  Marine x2  
  175  11:17  Medivac  
  177  11:20  Medivac  
  177  11:23  Barracks  
  177  11:24  Barracks  
  177  11:25  Barracks  
  174  11:37  Siege Tank  
  174  11:39  Command Center  
  174  11:51  Marine x4  
  174  11:53  Marine  
  176  11:55  Marine  
  170  12:02  Marauder  
  172  12:09  Marine x3  
  172  12:10  Thor  
  169  12:29  Marine x3  
Tags
 
Add a new tag
Caveats
  • Supply blocks, unpowered buildings, or Contaminate may cause inaccurate times.
  • Supply counts are checked every 10 seconds.